 Dungeon Crawl Stone Soup version 0.17-a0-72-gd614ac0 (webtiles) character file.

483 Chiseanne the Magician (level 7, -7/45 HPs)
             Began as an Octopode Wizard on Mar 13, 2015.
             Mangled by an iguana (15 damage)
             ... on level 5 of the Dungeon.
             The game lasted 00:11:45 (5232 turns).

Chiseanne the Magician (Octopode Wizard)            Turns: 5232, Time: 00:11:45

Health: -7/45      AC:  6    Str:  8      XL:     7   Next: 12%
Magic:  16/18      EV: 12    Int: 21      God:
Gold:   118        SH:  0    Dex:  6 (10) Spells: 5 memorised, 5 levels left

rFire  . . .     SeeInvis +     a - +0 flail (protect)
rCold  . . .     Clarity  .     (no shield)
rNeg   . . .     SustAb   .     b - +0 hat
rPois  .         Gourm    .     (no amulet)
rElec  .         Spirit   .     g - ring of invisibility
rCorr  .         Warding  .     e - ring of see invisible
rMut   .         Stasis   .     (no ring)
MR     .....                    (no ring)
Stlth  +++.......               (no ring)
                                (no ring)
                                (no ring)
                                (no ring)

@: very slightly contaminated, not resistant to hostile enchantments, fairly
stealthy
A: almost no armour, amphibious, 8 rings, constrict 8, camouflage 1, gelatinous
body 1
a: Evoke Invisibility


You were on level 5 of the Dungeon.
You were hungry.

You visited 1 branch of the dungeon, and saw 5 of its levels.

You collected 118 gold pieces.

Inventory:

Hand weapons
 a - a +0 flail of protection (weapon)
Missiles
 j - 34 arrows
 n - 10 tomahawks (quivered)
Armour
 b - a +0 hat (worn)
Jewellery
 e - a ring of see invisible (right tentacle)
 g - a ring of invisibility (left tentacle)
Scrolls
 m - 2 scrolls of remove curse
 o - a scroll of recharging
Books
 c - a book of Minor Magic

   Spells                             Type                      Level
   a - Magic Dart                     Conjuration                  1
   b - Blink                          Translocation                2
   c - Call Imp                       Summoning                    2
   d - Repel Missiles                 Charms/Air                   2
   e - Slow                           Hexes                        2
   f - Conjure Flame                  Conjuration/Fire             3
   g - Mephitic Cloud                 Conjuration/Poison/Air       3
Comestibles
 d - 3 bread rations
 f - a meat ration
 h - a slice of pizza
 k - a beef jerky


   Skills:
 * Level 2.1 Fighting
 * Level 3.9 Dodging
 * Level 4.0 Stealth
 * Level 5.1 Spellcasting
 * Level 3.1 Conjurations
   Level 1.0 Summonings
 - Level 1.0 Translocations


You had 5 spell levels left.
You knew the following spells:

 Your Spells              Type           Power        Failure   Level  Hunger
a - Magic Dart            Conj           ###.         3%          1    None
b - Blink                 Tloc           N/A          12%         2    None
c - Repel Missiles        Chrm/Air       #.....       17%         2    None
d - Conjure Flame         Conj/Fire      ##......     21%         3    ##.....
e - Mephitic Cloud        Conj/Pois/Air  #.......     24%         3    ##.....


Dungeon Overview and Level Annotations

Branches:
Dungeon (5/15)
 Temple: D:4-7

Altars:
Fedhas
Kikubaaqudgha
Okawaru
Vehumet
Yredelemnul

Portals:
Sewer: D:4

Annotations:
D:4 Chiseanne's ghost, average OpWz


Innate Abilities, Weirdness & Mutations

You cannot wear most types of armour.
You are amphibious.
You can wear up to eight rings at the same time.
You can use your tentacles to constrict many enemies at once.
Your skin changes colour to match your surroundings (Stealth).
Your rubbery body absorbs attacks (AC +1).


Message History

The worker ant zombie is engulfed in roaring flames.
The worker ant zombie completely misses you.
The iguana bites you.
* * * LOW HITPOINT WARNING * * *
You hit the iguana but do no damage.
The iguana is lightly wounded.
You constrict the iguana.
The worker ant zombie is engulfed in roaring flames.
You destroy the worker ant zombie!
The iguana bites you.
* * * LOW HITPOINT WARNING * * *
You hit the iguana.
The iguana is heavily wounded.
You constrict the iguana.
The iguana bites you but does no damage.
You hit the iguana but do no damage.
The iguana is heavily wounded.
You constrict the iguana, but do no damage.
The iguana barely misses you. The iguana bites you!
You die...

..# #.##. #..$.
#...# #g.# # #####.#
####.#.....####
...............#####
#....<......ยง@.[#
##############l.!#
#.(# .... ....# ...#
.# #


You could see an iguana.

Vanquished Creatures
  Eustachio (D:3)
  A gnoll shaman (D:4)
  An orc priest (D:3)
  2 orc wizards
  A worker ant zombie (D:5)
  6 adders
  3 gnolls
  5 worms
  A giant gecko (D:1)
  17 orcs
  2 ball pythons
  3 giant cockroaches
  8 goblins
  10 hobgoblins
  4 jackals (D:2)
  11 kobolds
  5 bats
  4 giant newts
  6 rats
91 creatures vanquished.

Notes
Turn   | Place    | Note
--------------------------------------------------------------
     0 | D:1      | Chiseanne, the Octopode Wizard, began the quest for the Orb.
     0 | D:1      | Reached XP level 1. HP: 11/11 MP: 4/4
   353 | D:1      | Reached XP level 2. HP: 17/17 MP: 1/6
  1245 | D:1      | Learned a level 2 spell: Blink
  1248 | D:1      | Learned a level 2 spell: Repel Missiles
  1398 | D:2      | Reached XP level 3. HP: 6/22 MP: 1/8
  2317 | D:2      | Reached XP level 4. HP: 17/27 MP: 1/10
  2428 | D:2      | Learned a level 3 spell: Conjure Flame
  2596 | D:3      | Found a basalt altar of Yredelemnul.
  2671 | D:3      | Reached skill level 4 in Spellcasting
  3110 | D:3      | Reached XP level 5. HP: 21/32 MP: 1/13
  3391 | D:3      | Reached skill level 1 in Fighting
  4171 | D:3      | Found an ancient bone altar of Kikubaaqudgha.
  4171 | D:3      | Found a blossoming altar of Fedhas.
  4205 | D:3      | Found an iron altar of Okawaru.
  4207 | D:3      | Found a radiant altar of Vehumet.
  4288 | D:3      | Reached XP level 6. HP: 21/38 MP: 14/16
  4557 | D:3      | Learned a level 3 spell: Mephitic Cloud
  4598 | D:4      | Found a glowing drain.
  4626 | D:4      | Noticed Chiseanne's ghost (average OpWz)
  4637 | D:4      | Noticed Eustachio
  5072 | D:3      | Killed Eustachio
  5072 | D:3      | Reached skill level 5 in Spellcasting
  5072 | D:3      | Reached XP level 7. HP: 32/45 MP: 16/18
  5217 | D:5      | Entered Level 5 of the Dungeon
  5232 | D:5      | Mangled by an iguana

Action                   |  1- 3 |  4- 6 |  7- 9 || total
-------------------------+-------+-------+-------++-------
Melee: Hand axe          |    27 |    30 |       ||    57
       Flail             |       |    43 |    15 ||    58
 Cast: Magic Dart        |    96 |   117 |       ||   213
       Repel Missiles    |     1 |       |       ||     1
       Conjure Flame     |       |     1 |     1 ||     2
       Blink             |       |     4 |       ||     4
 Abil: Evoke Invisibilit |       |     2 |     1 ||     3
  Use: Scroll            |     6 |       |       ||     6
       Potion            |       |     5 |     1 ||     6
 Stab: Invisible         |       |     1 |       ||     1
  Eat: Chunk             |     4 |     9 |     1 ||    14
